 Dungeon Crawl Stone Soup version 0.28-a0-247-gb8bfbab023 (webtiles) character file.

Game seed: 16126701174248446175

422 robertstho the Chiller (level 6, -2/46 HPs)
             Began as a Demonspawn Ice Elementalist on Aug 25, 2021.
             Was an Initiate of Vehumet.
             Slain by an ice beast (14 damage)
             ... on level 5 of the Dungeon.
             The game lasted 00:09:08 (4567 turns).

robertstho the Chiller (DsIE)                       Turns: 4567, Time: 00:09:08

Health: -2/46      AC:  3    Str:  8    XL:     6   Next: 63%
Magic:  8/12       EV: 12    Int: 18    God:    Vehumet [......]
Gold:   186        SH:  0    Dex: 14    Spells: 6/13 levels left

rFire   . . .      SeeInvis .   h - +0 hand axe (vamp)
rCold   . . .      Faith    .   (no shield)
rNeg    . . .      Spirit   .   a - +0 robe
rPois   .          Reflect  .   (no helmet)
rElec   .          Harm     .   i - +0 cloak
rCorr   .          Rampage  .   (no gloves)
Will    .....                   (no boots)
Stlth   ++........              f - amulet of regeneration
HPRegen 1.15/turn               (no ring)
MPRegen 0.13/turn               (no ring)

@: no status effects
A: claws 1, hooves 1, demonic magic 2
a: Renounce Religion


You were on level 5 of the Dungeon.
You worshipped Vehumet.
Vehumet was noncommittal.
You visited 2 branches of the dungeon, and saw 6 of its levels.

You collected 186 gold pieces.

Inventory:

Hand Weapons
 b - a +1 dagger of speed
 c - a +0 dagger
 h - a +0 vampiric hand axe (weapon)
Armour
 a - a +0 robe (worn)
 i - a +0 cloak (worn)
Jewellery
 f - an amulet of regeneration (around neck)
Scrolls
 d - a scroll of brand weapon
 g - a scroll of teleportation {unknown}
Potions
 e - 3 potions of curing


   Skills:
 * Level 2.5 Fighting
 + Level 1.4 Short Blades
 + Level 2.2 Dodging
 + Level 3.1 Stealth
 + Level 0.1 Unarmed Combat
 * Level 4.2 Spellcasting
 + Level 4.5 Ice Magic


You had 6 spell levels left.
You knew the following spells:

 Your Spells              Type           Power      Damage    Failure   Level
a - Freeze                Ice            80%        1d9       2%          1
b - Frozen Ramparts       Ice            40%        1d6       7%          3
c - Ozocubu's Armour      Ice            20%        N/A       7%          3

Your spell library contained the following spells:

 Spells                   Type           Power      Damage    Failure   Level
 Beastly Appendage        Tmut           6%         N/A       14%         1
 Slow                     Hex            3%         N/A       22%         2
 Wereblood                Tmut           3%         N/A       22%         2
 Confusing Touch          Hex            3%         N/A       41%         3
 Spider Form              Tmut/Pois      1%         N/A       41%         3
 Vampiric Draining        Necr           1%         2d6       41%         3
 Hailstorm                Conj/Ice       11%        3d5       50%         4
 Borgnjor's Revivificati  Necr           1%         N/A       100%        8
 Necromutation            Tmut/Necr      1%         N/A       100%        8
 Death's Door             Necr           1%         N/A       100%        9


Dungeon Overview and Level Annotations

Branches:
Dungeon (5/15)             Temple (1/1) D:4

Altars:
Cheibriados
Dithmenos
Elyvilon
Okawaru
Vehumet
Wu Jian
Zin

Shops:
D:4 (

Annotations:
D:3 1 transporter, Grinder


Innate Abilities, Weirdness & Mutations

You have sharp fingernails.
You have large cloven feet.
Spells you cast may paralyse nearby enemies.


Message History

The ice beast hits you. The ice beast freezes you.
You closely miss the ice beast. You kick the ice beast.
The ice beast is moderately wounded.
The ice beast closely misses you. x2
You closely miss the ice beast. Your kick misses the ice beast.
The ice beast is moderately wounded.
The ice beast hits you but does no damage.
Aiming: Freeze (safe; 2% risk of failure)
Press: ? - help, Q - select action, (/) - cycle Shift-Dir - straight line, f/p - ice beast
Aim: an ice beast (moderately wounded)
You freeze the ice beast but do no damage.
The ice beast completely resists.
Malevolent energies surge around you. The ice beast closely misses you.
Aiming: Freeze (safe; 2% risk of failure)
Press: ? - help, Q - select action, (/) - cycle Shift-Dir - straight line, f/p - ice beast
Aim: an ice beast (moderately wounded)
You freeze the ice beast but do no damage.
The ice beast completely resists.
Malevolent energies surge around you. The ice beast hits you.
The ice beast freezes you!
Aiming: Freeze (safe; 2% risk of failure)
Press: ? - help, Q - select action, (/) - cycle Shift-Dir - straight line, f/p - ice beast
Aim: an ice beast (moderately wounded)
You freeze the ice beast but do no damage.
The ice beast completely resists.
Malevolent energies surge around you. The ice beast hits you.
The ice beast freezes you!
* * * LOW HITPOINT WARNING * * *
You feel better. The ice beast barely misses you.
Aiming: Freeze (safe; 2% risk of failure)
Press: ? - help, Q - select action, (/) - cycle Shift-Dir - straight line, f/p - ice beast
Aim: an ice beast (moderately wounded)
You freeze the ice beast but do no damage.
The ice beast completely resists.
Malevolent energies surge around you. The ice beast hits you.
* * * LOW HITPOINT WARNING * * *
The ice beast freezes you!
You die...

###########
......Y@..#
#########.#
#.# #.# #.#
#.# #.# #.#
#.#


You could see an ice beast.

Vanquished Creatures
  A black bear (D:4)
  A phantom (D:4)
  2 hounds (D:4)
  An orc priest (D:4)
  A centaur skeleton (D:4)
  An orc wizard (D:4)
  A hound skeleton (D:4)
  An adder (D:4)
  An adder skeleton (D:4)
  A worm (D:2)
  4 dart slugs
  10 orcs
  4 bats
  8 endoplasms
  2 giant cockroaches (D:1)
  5 goblins
  3 hobgoblins
  6 jackals
  3 kobolds
  2 quokkas
  7 ball pythons
  2 frilled lizards (D:3)
  5 rats
72 creatures vanquished.

Vanquished Creatures (others)
  2 plants (D:3)
2 creatures vanquished.

Grand Total: 74 creatures vanquished

Notes
Turn   | Place    | Note
-------+----------+-------------------------------------------
     0 | D:1      | robertstho the Demonspawn Ice Elementalist began the quest
                  | for the Orb.
     0 | D:1      | Reached XP level 1. HP: 13/13 MP: 3/3
   696 | D:1      | Gained mutation: Spells you cast may paralyse adjacent
                  | enemies. [demonic ancestry]
   696 | D:1      | Reached XP level 2. HP: 12/19 MP: 1/5
  1956 | D:2      | Reached XP level 3. HP: 25/25 MP: 6/6
  2014 | D:2      | Learned a level 3 spell: Frozen Ramparts
  2081 | D:2      | Reached skill level 1 in Fighting
  2653 | D:3      | Noticed Grinder
  2882 | D:3      | Found a transporter.
  3057 | D:3      | Gained mutation: You have large cloven feet. [demonic
                  | ancestry]
  3057 | D:3      | Reached XP level 4. HP: 32/32 MP: 1/8
  3172 | D:3      | Paralysed by Grinder for 3 turns
  3225 | D:4      | Learned a level 3 spell: Ozocubu's Armour
  3430 | D:4      | Noticed a phantom
  3443 | D:4      | Killed a phantom
  3444 | D:4      | Gained mutation: Spells you cast may paralyse nearby
                  | enemies. [demonic ancestry]
  3444 | D:4      | Reached XP level 5. HP: 36/38 MP: 5/10
  3510 | D:4      | Found Xob Falufa's Antique Weapon Emporium.
  3570 | D:4      | Noticed a black bear
  3582 | D:4      | Killed a black bear
  3583 | D:4      | Reached skill level 1 in Short Blades
  3583 | D:4      | Gained mutation: You have sharp fingernails. [demonic
                  | ancestry]
  3583 | D:4      | Reached XP level 6. HP: 44/44 MP: 4/11
  3735 | D:4      | Found a staircase to the Ecumenical Temple.
  3785 | Temple   | Entered the Ecumenical Temple
  3820 | Temple   | Became a worshipper of Vehumet
  4520 | D:5      | Entered Level 5 of the Dungeon
  4543 | D:5      | Noticed an ice beast
  4567 | D:5      | Slain by an ice beast

Illustrated notes

Levels and vault maps discovered:
D:1:      psy_arrival_fountain, layout_loops_corners, serial_bayou_lagoon_b
D:2:      layout_basic, grunt_ministairs_10
D:3:      wad_pebble_path, layout_rooms, gammafunk_ghost_gnarly_gnolls,
          kennysheep_cross_bottleneck, uniq_grinder
D:4:      layout_basic, minmay_temple_entry_glass, serial_shops, shop
D:5:      layout_basic, ebering_ghost_reflecting_pool, grunt_decor_resistance
Temple:   dshaligram_water_room_temple

Skill      XL: |  1  2  3  4  5  6 |
---------------+-------------------+-----
Ice Magic      | 4 |  4.5
Fighting       | 1 2 |  2.5
Stealth        | 2 3 |  3.1
Spellcasting   | 3 4 |  4.2
Dodging        | 2 |  2.2
Short Blades   | 1 |  1.4
Unarmed Combat | |  0.1

Action                   |  1- 3 |  4- 6 || total
-------------------------+-------+-------++-------
Melee: Unarmed           |     6 |       ||     6
       Dagger            |    68 |    86 ||   154
       Kick              |       |    24 ||    24
       Hand axe          |       |    14 ||    14
 Cast: Freeze            |    60 |    23 ||    83
       Frozen Ramparts   |     2 |     4 ||     6
  Use: Scroll            |     2 |       ||     2
       Potion            |       |     1 ||     1
 Stab: Sleeping          |     3 |     4 ||     7
       Paralysed         |     1 |    11 ||    12
Armor: Robe              |    14 |    11 ||    25
Dodge: Dodged            |    68 |    53 ||   121

Table legend: (Time is in decaauts)
 A = Elapsed time spent in this place.
 B = Non-inter-level travel time spent in this place.
 C = Inter-level travel time spent in this place.
 D = Time resting spent in this place.
 E = Time spent auto-exploring this place.
 F = Levels seen in this place.
 G = Mean time per level.
                   A        B        C        D        E       F      G
               +--------+--------+--------+--------+--------+-----+--------+
         Total |   4558 |   4449 |    109 |    499 |   3246 |   6 |  759.7 |
       Dungeon |   4507 |   4415 |     92 |    499 |   3219 |   5 |  901.4 |
        Temple |     51 |     35 |     16 |      0 |     27 |   1 |   51.0 |
               +--------+--------+--------+--------+--------+-----+--------+

Top non-repeatable levels by time:
     D:1: 1932 daAuts
     D:4: 1255 daAuts
     D:2: 684 daAuts
     D:3: 585 daAuts
  Temple: 51 daAuts
     D:5: 49 daAuts
